 Dungeon Crawl Stone Soup version 0.19.0-11-g3fc08b3 (webtiles) character file.

17110 inmateoo the Grappler (level 12, -7/177 HPs)
             Began as a Troll Monk on Nov 8, 2016.
             Was the Champion of Okawaru.
             Mangled by a vampire knight
             ... wielding a +2 battleaxe
              (27 damage)
             ... on level 13 of the Dungeon.
             The game lasted 00:23:34 (10206 turns).

inmateoo the Grappler (Troll Monk)                 Turns: 10206, Time: 00:23:35

Health: -7/177     AC: 26    Str: 26    XL:     12   Next: 16%
Magic:  11/13      EV:  1    Int:  6    God:    Okawaru [******]
Gold:   511        SH:  0    Dex: 17    Spells: 1 memorised, 10 levels left

rFire  + . .     SeeInvis .       - Unarmed
rCold  . . .     Gourm    +     (armour currently unavailable)
rNeg   + + +     Faith    .     (no shield)
rPois  +         Spirit   .     (helmet currently unavailable)
rElec  .         Reflect  .     (cloak currently unavailable)
rCorr  .         Harm     .     (gloves unavailable)
MR     .....     Clarity  +     (boots unavailable)
Stlth  ++++...... NoTele   +    (no amulet)
                                v - ring of protection from fire
                                q - ring of positive energy

@: agile, tree-form, heroism, studying Summonings
A: unfitting armour, (claws 0), blink, blurry vision 1, clarity, fast metabolism
3, gourmand, regeneration 1, (shaggy fur 0), (tough skin 0)
a: Blink, Heroism, Finesse, Renounce Religion


You were on level 13 of the Dungeon.
You worshipped Okawaru.
Okawaru was exalted by your worship.
You were not hungry.
You were a tree.
You visited 1 branch of the dungeon, and saw 13 of its levels.
You also visited: Labyrinth.

You collected 784 gold pieces.
You spent 273 gold pieces at shops.

Inventory:

Armour
 a - a +0 robe (melded)
 C - a +2 cloak of magic resistance (melded)
 H - a +1 hat of magic resistance (melded)
Jewellery
 q - a ring of positive energy (left branch)
 v - a ring of protection from fire (right branch)
Wands
 x - a wand of teleportation (5/9)
 y - a wand of polymorph (9/24)
 A - a wand of iceblast (7/15)
 D - a wand of disintegration (15/24)
 F - a wand of confusion (22/48)
 L - a wand of disintegration (5/24)
 M - a wand of slowing (18/48)
 O - a wand of lightning (3/15)
Scrolls
 e - 6 scrolls of remove curse
 j - 2 scrolls of enchant weapon
 r - a scroll of magic mapping
 w - 5 scrolls of teleportation
 z - a scroll of identify
 B - a scroll of recharging
 G - 3 scrolls of amnesia
 J - a scroll of fog
 N - a scroll of blinking
Potions
 c - 2 potions of flight
 f - a potion of heal wounds
 i - 3 potions of brilliance
 k - 2 potions of ambrosia
 n - 2 potions of haste
 p - a potion of magic
 s - 2 potions of cure mutation
Books
 u - a book of Cantrips

   Spells                             Type                      Level
   a - Confusing Touch                Hexes                        1
   b - Animate Skeleton               Necromancy                   1
   c - Summon Small Mammal            Summoning                    1
   d - Apportation                    Translocation                1
 K - a manual of Summonings
Comestibles
 b - 10 bread rations
 g - 6 meat rations
 h - 5 beef jerkies
 t - 27 fruits
 I - a royal jelly


   Skills:
 + Level 7.5(12.5) Fighting
 + Level 2.6(7.6) Throwing
 + Level 7.1(12.1) Armour
 + Level 7.9(12.9) Dodging
 - Level 1.3(6.3) Stealth
 * Level 12.6(17.6) Unarmed Combat
 - Level 3.0 Invocations


You had 10 spell levels left.
You knew the following spells:

 Your Spells              Type           Power        Failure   Level  Hunger
a - Apportation           Tloc           #.........   52%         1    ##.....


Dungeon Overview and Level Annotations

Branches:
Dungeon (13/15)            Temple (0/1) D:4            Lair (0/6) D:11
    Orc (0/2) D:11
 Vaults: D:13-14

Altars:
Elyvilon
Gozag
Okawaru
Sif Muna
Vehumet
Zin
The Shining One

Shops:
D:9 [   D:10 }   D:11 (


Innate Abilities, Weirdness & Mutations

You are too large for most types of armour.
((You have claws for hands.))
Your metabolism is lightning-fast.
You like to eat raw meat.
Your natural rate of healing is unusually fast.
((You are covered in fur. (AC +1)))
((You have very tough skin. (AC +2)))
You can translocate small distances at will.
Scrolls take you a little longer to read.
You possess an exceptional clarity of mind.


Message History

Something is infused with unholy energy, but nothing happens.
The satyr hits you. Something hits you! Something bites you but does no damage.
Unknown command.
You hit something.
Unknown command.
Okay, then.
You feel agile all of a sudden. Something hits you!!
* * * LOW HITPOINT WARNING * * *
Something bites you but does no damage. The satyr completely misses you.
Something hits you.
* * * LOW HITPOINT WARNING * * *
Something bites you but does no damage.
The hippogriff screeches!
Unknown command.
You gain the combat prowess of a mighty hero.
The satyr hits you!
* * * LOW HITPOINT WARNING * * *
Something hits you!!
You die...

<.......###§§:###.###..,###......
..##.........##,,......##......#.
..######....##,,,,....##...#####.
#.#*,,,###..#,,#####..#..###,,,#.
#.#*,,,,,##.#.##(..##.#.##,,,,,#.
#.##,,**,,#...#....(#..(#,,**,,#.
...#,**,,,##..'.....H..##,,,**,#.
#.##,*,,,,,*'##†.((.##+#,,,,,*,#.
...#,*,,,,,*..##♣c.##..#,,,,,*,#.
...#,,,***+*,,,##{##..D#+***,,,#.
...#,,**,*,,,,,#...#....,*,**,,##
...#,,*,,*,,,,,#...#....,*,,*,,*
...#,**,,**,,,*#...##...#*,,**,*
...#,*,,,,*****)....#####,,,,*,*
...#,*,,,,+,,,.......,,,+,,,,*,*
...##************####***********
....#


You could see a satyr and a hippogriff.

Vanquished Creatures
  An ice dragon (D:13)
  2 centaur warriors (D:13)
  A queen ant (Lab)
  Urug (D:13)
  3 hill giants
  An ugly thing (D:13)
  A deep elf mage (D:13)
  A centaur zombie (D:12)
  A komodo dragon (D:13)
  2 trolls
  A hornet (D:10)
  2 two-headed ogres
  A hippogriff (D:9)
  6 slime creatures
  A spriggan (D:7)
  A wraith (D:11)
  A vampire (D:12)
  2 wyverns
  8 yaks
  A hungry ghost (D:9)
  3 wargs (D:10)
  A mottled dragon (D:12)
  2 black bears (D:12)
  2 eyes of draining
  2 ice beasts
  7 orc warriors
  2 phantoms
  A necrophage (D:11)
  2 sky beasts (D:12)
  7 ogres
  15 centaurs
  A crocodile (D:10)
  A big kobold (D:7)
  7 bullfrogs
  The ghost of C0ssack the Sneak, an amateur SpEn (D:4)
  A water moccasin zombie (D:7)
  5 scorpions
  4 killer bees (D:11)
  6 howler monkeys
  6 crimson imps
  A quasit (D:8)
  6 hounds
  2 jellies (D:8)
  21 orc wizards
  5 orc priests
  3 centaur skeletons
  2 bullfrog skeletons
  A gnoll shaman (D:4)
  An iron imp (D:7)
  4 iguanas
  11 worker ants
  A killer bee zombie (D:6)
  2 worker ant zombies
  A howler monkey skeleton (D:4)
  7 gnolls
  14 adders
  3 shadow imps
  An adder skeleton (D:7)
  3 worms
  2 dart slugs
  12 leopard geckos
  57 orcs
  A ball python (D:4)
  5 giant cockroaches
  9 goblins
  10 hobgoblins
  10 jackals
  7 quokkas
  9 bats
  5 frilled lizards
  2 hobgoblin zombies (D:7)
  14 kobolds
  2 kobold skeletons (D:7)
  A kobold zombie (D:7)
  A quokka skeleton (D:5)
  5 rats
355 creatures vanquished.

Vanquished Creatures (others)
  A meliai (D:13)
  An orc (D:13)
2 creatures vanquished.

Grand Total: 357 creatures vanquished

Notes
Turn   | Place    | Note
-------+----------+-------------------------------------------
     0 | D:1      | inmateoo the Troll Monk began the quest for the Orb.
     0 | D:1      | Reached XP level 1. HP: 22/22 MP: 0/0
   190 | D:1      | Reached XP level 2. HP: 24/29 MP: 1/1
   691 | D:1      | Reached XP level 3. HP: 36/36 MP: 2/2
   969 | D:2      | Reached skill level 4 in Unarmed Combat
   996 | D:2      | Found a glowing silver altar of Zin.
   996 | D:2      | Found an iron altar of Okawaru.
   999 | D:2      | Became a worshipper of Warmaster Okawaru
   999 | D:2      | Reached * piety under Okawaru
   999 | D:2      | Reached ** piety under Okawaru
  1270 | D:3      | Reached XP level 4. HP: 37/44 MP: 3/3
  1425 | D:3      | Reached XP level 5. HP: 33/50 MP: 4/4
  1445 | D:3      | Reached skill level 1 in Armour
  1445 | D:3      | Reached skill level 1 in Invocations
  1846 | D:3      | Reached XP level 6. HP: 40/59 MP: 4/6
  1958 | D:4      | Reached skill level 5 in Unarmed Combat
  1962 | D:4      | Reached *** piety under Okawaru
  2324 | D:4      | Found a staircase to the Ecumenical Temple.
  2344 | D:4      | Found an opulent altar of Gozag.
  2395 | D:4      | Reached XP level 7. HP: 67/67 MP: 7/7
  2454 | D:4      | Found a deep blue altar of Sif Muna.
  2462 | D:4      | Noticed C0ssack's ghost (amateur SpEn)
  2469 | D:4      | Killed C0ssack's ghost
  2629 | D:4      | Reached skill level 6 in Unarmed Combat
  2949 | D:5      | Entered Level 5 of the Dungeon
  3213 | D:5      | Reached **** piety under Okawaru
  3215 | D:5      | Reached XP level 8. HP: 69/78 MP: 7/9
  3618 | D:6      | Found a white marble altar of Elyvilon.
  3820 | D:6      | Reached skill level 7 in Unarmed Combat
  4681 | D:6      | Reached XP level 9. HP: 85/85 MP: 10/10
  4697 | D:6      | Reached skill level 8 in Unarmed Combat
  4956 | D:7      | Reached ***** piety under Okawaru
  4975 | D:7      | Found a glowing golden altar of the Shining One.
  5016 | D:7      | Reached skill level 5 in Dodging
  5068 | D:7      | Found a radiant altar of Vehumet.
  5432 | D:7      | Reached skill level 5 in Fighting
  5433 | D:7      | Noticed a cyclops
  5656 | D:8      | Reached skill level 9 in Unarmed Combat
  5667 | D:8      | Learned a level 1 spell: Apportation
  6378 | D:9      | Reached XP level 10. HP: 85/96 MP: 8/11
  6454 | D:9      | Found Roannys's Antique Armour Emporium.
  6468 | D:9      | Bought an embroidered cloak for 273 gold pieces
  6514 | D:9      | Received a gift from Okawaru
  6514 | D:9      | Reached skill level 5 in Armour
  6514 | D:9      | Reached skill level 10 in Unarmed Combat
  6671 | D:10     | Entered Level 10 of the Dungeon
  6738 | D:10     | Noticed a hill giant
  6751 | D:10     | Killed a hill giant
  6751 | D:10     | Reached ****** piety under Okawaru
  7237 | D:10     | Found Ixtomomm's Gadget Shoppe.
  7383 | D:10     | Reached skill level 11 in Unarmed Combat
  7590 | D:10     | Reached XP level 11. HP: 79/107 MP: 12/12
  7696 | D:11     | Received a gift from Okawaru
  7712 | D:11     | Found a staircase to the Lair.
  8113 | D:11     | Gained mutation: Scrolls take you a little longer to read. [potion of mutation]
  8113 | D:11     | Gained mutation: You possess an exceptional clarity of mind. [potion of mutation]
  8113 | D:11     | Gained mutation: You can translocate small distances at will. [potion of mutation]
  8238 | D:11     | Found a staircase to the Orcish Mines.
  8238 | D:11     | Found Fuapicy's Weapon Boutique.
  8700 | D:12     | Noticed a hill giant
  8770 | D:12     | Killed a hill giant
  9085 | D:13     | Noticed Urug
  9089 | D:13     | Noticed a centaur warrior
  9095 | D:13     | Noticed a hill giant
  9096 | D:13     | Killed Urug
  9096 | D:13     | Received a gift from Okawaru
  9102 | D:13     | Killed a hill giant
  9102 | D:13     | Reached skill level 1 in Throwing
  9102 | D:13     | Reached skill level 12 in Unarmed Combat
  9115 | D:13     | Killed a centaur warrior
  9207 | D:13     | Found a labyrinth entrance.
  9220 | Lab      | Entered a labyrinth
  9613 | Lab      | Noticed a minotaur
  9614 | Lab      | Noticed a queen ant
  9614 | Lab      | a minotaur changed into a queen ant
  9625 | Lab      | Killed a queen ant
  9953 | D:13     | Noticed an ice dragon
  9961 | D:13     | Noticed an orb spider
  9963 | D:13     | Noticed a deep elf mage
  9966 | D:13     | Killed an ice dragon
  9966 | D:13     | Reached XP level 12. HP: 60/118 MP: 11/13
 10158 | D:13     | Noticed an ice dragon
 10164 | D:13     | Noticed a centaur warrior
 10174 | D:13     | Killed a centaur warrior
 10187 | D:13     | Noticed a vampire knight
 10197 | D:13     | Noticed a satyr
 10206 | D:13     | Mangled by a vampire knight

Skill      XL: |  1  2  3  4  5  6  7  8  9 10 11 |
---------------+----------------------------------+-----
Unarmed Combat | 4 5 6 7 9 11 12 | 12.6
Dodging        | 3 4 5 6 7 |  7.9
Armour         | 1 2 3 4 5 7 |  7.1
Invocations    | 1 2 3 |  3.0
Fighting       | 3 4 5 6 7 |  7.5
Throwing       | 2 |  2.6
Stealth        | |  1.3

Action                   |  1- 3 |  4- 6 |  7- 9 | 10-12 || total
-------------------------+-------+-------+-------+-------++-------
Melee: Unarmed           |   121 |   143 |   393 |   448 ||  1105
       Punch             |     3 |     3 |    16 |    38 ||    60
Invok: Heroism           |       |       |     1 |     5 ||     6
       Finesse           |       |       |       |     1 ||     1
Evoke: Wand              |       |       |       |     1 ||     1
  Use: Scroll            |     2 |    10 |    10 |    13 ||    35
       Potion            |       |     1 |       |     9 ||    10
 Stab: Sleeping          |     6 |     2 |     5 |     1 ||    14
       Distracted        |       |       |     1 |       ||     1
       Invisible         |       |       |       |     4 ||     4
  Eat: Chunk             |    15 |    11 |    32 |    34 ||    92
       Pizza             |       |       |       |     1 ||     1
Armor: Robe              |    36 |    59 |    78 |    81 ||   254
       Skin              |       |       |       |    28 ||    28
Dodge: Dodged            |    55 |    87 |   207 |   249 ||   598
